 Dungeon Sprint DCSS version 0.23.2-1-ga50397a6bc (webtiles) character file.

Game seed: 1754974545792657431

1256 Kobolds4U the Imperceptible (level 8, -7/43 HPs)
             Began as a Spriggan Assassin on May 28, 2019.
             Was a Follower of Okawaru.
             Shot with an arrow by a centaur warrior (18 damage)
             ... in the Dungeon (Sprint I: "Red Sonja").
             The game lasted 00:02:15 (597 turns).

Kobolds4U the Imperceptible (Spriggan Assassin)      Turns: 597, Time: 00:02:16

Health: -7/43      AC:  2    Str:  7    XL:     8   Next: 26%
Magic:  0/9        EV: 34    Int: 13    God:    Okawaru [*.....]
Gold:   331        SH:  0    Dex: 19    Spells: 7/7 levels left

rFire    . . .     SeeInvis +   b - +0 blowgun
rCold    . . .     Gourm    .   (shield restricted)
rNeg     . . .     Faith    .   c - +0 robe
rPois    .         Spirit   +   (helmet restricted)
rElec    .         Reflect  .   o - scarf {Spirit}
rCorr    .         Harm     .   (gloves unavailable)
MR       +....     NoTele   +   (boots unavailable)
Stlth    +++++.....             (no amulet)
HPRegen  0.14/turn              (no ring)
MPRegen  0.11/turn              (no ring)

@: heroism, very slightly contaminated, slow
A: very small, unfitting armour, see invisible, herbivore, speed 3, slow
metabolism 2
a: Heroism, Renounce Religion


You were in the Dungeon.
You worshipped Okawaru.
Okawaru was aware of your devotion.
You were not hungry.

You visited 1 branch You collected 421 gold pieces.
You spent 90 gold pieces at shops.

Inventory:

Hand Weapons
 a - a +2 dagger
 b - a +0 blowgun (weapon)
Missiles
 e - 6 poisoned needles (quivered)
Armour
 c - a +0 robe (worn)
 d - a +0 cloak
 o - a scarf of spirit shield (worn)
Scrolls
 n - a scroll of remove curse {unknown}
Potions
 h - a potion of curing
 i - a potion of heal wounds
 j - 2 potions of haste
 k - 2 potions of magic
 l - a potion of berserk rage
Comestibles
 g - a ration


   Skills:
 - Level 5.3(10.3) Fighting
 - Level 2.1(7.1) Short Blades
 - Level 2.0(7.0) Throwing
 + Level 12.1(17.1) Dodging
 - Level 21.1(26.1) Stealth


You had 7 spell levels left.
You didn't know any spells.
Your spell library was empty.

Dungeon Overview and Level Annotations

Branches:
Dungeon (1/1)

Altars:
Cheibriados
Dithmenos
Elyvilon
Fedhas
Gozag
Hepliaklqana
Kikubaaqudgha
Makhleb
Nemelex Xobeh
Okawaru
Qazlal
Ru
Sif Muna
Trog
Uskayaw
Vehumet
Wu Jian
Xom
Yredelemnul
Zin
The Shining One
Jiyva
Lugonu

Shops:
D [


Innate Abilities, Weirdness & Mutations

You are very small and have problems with some larger weapons.
You are too small for most types of armour.
You have supernaturally acute eyesight. (SInv)
You are a herbivore.
You cover ground extremely quickly.
You need to consume almost no food.


Message History

Aim: a centaur warrior (lightly wounded, slow, poisoned)
You shoot a poisoned needle.
The poisoned needle hits the centaur warrior.
The centaur warrior looks even sicker.
The centaur warrior is lightly wounded.
The centaur warrior hits you.
Firing (i - inventory)
e - 7 poisoned needles (quivered)
Press: ? - help, Shift-Dir - straight line, f - centaur warrior, p - centaur warrior
Aim: a centaur warrior (purple smoke, lightly wounded, slow, poisoned)
You shoot a poisoned needle.
The poisoned needle hits the centaur warrior.
The centaur warrior looks even sicker.
The centaur warrior is lightly wounded.
The centaur warrior hits you!
* * * LOW HITPOINT WARNING * * *
You enter the shallow water.
Moving in this stuff is going to be slow.
The centaur warrior wields a +0 longbow.
The centaur warrior shoots an arrow.
The arrow hits you!!
You die...

########################
.#..'..#.)'..#__#..'..)#
.'..#.)'..#..'..'..#...#
.#####'#####'#__####)..+
.####..#...#.####§§#####
.#__####..##.#§§§§c#
.#_____##'#_.'§§@§§+
⌠#_.∩...'..._#§§§§c#
##_..__##_.#'##+####
#_____###+#.# #######
###


You could see 2 centaur warriors.

Vanquished Creatures
  2 kobold demonologists (D)
  A slime creature (D)
  Sigmund (D)
  A yak (D)
  A floating eye (D)
  An ogre (D)
  A jelly (D)
  Ijyb (D)
9 creatures vanquished.

Notes
Turn   | Place    | Note
-------+----------+-------------------------------------------
     0 | D        | Kobolds4U the Spriggan Assassin began the quest for the
                  | Orb.
     0 | D        | Reached XP level 1. HP: 10/10 MP: 2/2
     1 | D        | Noticed Ijyb
    26 | D        | Killed Ijyb
    26 | D        | Reached skill level 10 in Stealth
    26 | D        | Reached XP level 2. HP: 7/14 MP: 3/3
   184 | D        | Noticed an ogre
   187 | D        | Killed an ogre
   187 | D        | Reached skill level 14 in Stealth
   187 | D        | Reached XP level 3. HP: 18/18 MP: 4/4
   187 | D        | Reached XP level 4. HP: 22/22 MP: 5/5
   197 | D        | Noticed Sigmund
   200 | D        | Killed Sigmund
   200 | D        | Reached skill level 17 in Stealth
   200 | D        | Reached XP level 5. HP: 25/25 MP: 6/6
   212 | D        | Found a burning altar of Makhleb.
   212 | D        | Found a viscous altar of Jiyva.
   212 | D        | Found a shimmering altar of Xom.
   212 | D        | Found a corrupted altar of Lugonu.
   212 | D        | Noticed a slime creature
   215 | D        | Killed a slime creature
   215 | D        | Reached skill level 19 in Stealth
   215 | D        | Reached XP level 6. HP: 30/30 MP: 7/7
   217 | D        | Found an ornate altar of the Wu Jian Council.
   217 | D        | Found a deep blue altar of Sif Muna.
   219 | D        | Found a radiant altar of Vehumet.
   228 | D        | Reached skill level 20 in Stealth
   446 | D        | Found Yxtuthri's Armour Emporium.
   446 | D        | Found an ancient bone altar of Kikubaaqudgha.
   446 | D        | Found a hazy altar of Hepliaklqana.
   446 | D        | Found a stormy altar of Qazlal.
   446 | D        | Found a hide-covered altar of Uskayaw.
   446 | D        | Found a blossoming altar of Fedhas.
   446 | D        | Found a bloodstained altar of Trog.
   446 | D        | Found an iron altar of Okawaru.
   446 | D        | Found a basalt altar of Yredelemnul.
   446 | D        | Found a glowing golden altar of the Shining One.
   446 | D        | Found a snail-covered altar of Cheibriados.
   446 | D        | Found a sacrificial altar of Ru.
   446 | D        | Found a glowing silver altar of Zin.
   446 | D        | Found a shadowy altar of Dithmenos.
   446 | D        | Found a white marble altar of Elyvilon.
   446 | D        | Noticed a yak
   447 | D        | Found an opulent altar of Gozag.
   448 | D        | Killed a yak
   448 | D        | Reached skill level 21 in Stealth
   448 | D        | Reached XP level 7. HP: 33/33 MP: 8/8
   449 | D        | Found a sparkling altar of Nemelex Xobeh.
   453 | D        | Bought a scarf of spirit shield for 90 gold pieces
   464 | D        | Became a worshipper of Warmaster Okawaru
   553 | D        | Noticed a kobold demonologist
   554 | D        | Noticed a kobold demonologist
   558 | D        | Killed a kobold demonologist
   558 | D        | Reached * piety under Okawaru
   558 | D        | Reached skill level 5 in Fighting
   560 | D        | Killed a kobold demonologist
   560 | D        | Reached XP level 8. HP: 43/43 MP: 9/9
   578 | D        | Noticed a centaur warrior
   582 | D        | Noticed a centaur warrior
   597 | D        | Shot with an arrow by a centaur warrior

Skill      XL: |  1  2  3  4  5  6  7 |
---------------+----------------------+-----
Stealth        | 10 14 17 19 21 | 21.1
Dodging        | 6 12 | 12.1
Fighting       | 5 |  5.3
Short Blades   | |  2.1
Throwing       | |  2.0

Action                   |  1- 3 |  4- 6 |  7- 9 || total
-------------------------+-------+-------+-------++-------
Melee: Dagger            |     1 |    11 |     3 ||    15
 Fire: Blowgun           |     5 |       |     4 ||     9
Invok: Heroism           |       |       |     1 ||     1
  Use: Scroll            |       |       |     1 ||     1
 Stab: Sleeping          |     1 |     3 |     3 ||     7
Dodge: Dodged            |     2 |     5 |     8 ||    15
